 Dungeon Crawl Stone Soup version 0.25-a0-1024-gbfbf38f2cb (webtiles) character file.

Game seed: 16983833444823552733, levelgen mode: classic

51 Amnesiac the Twirler (level 3, 0/21 HPs)
             Began as a Deep Elf Gladiator on May 12, 2020.
             Hit by a boomerang thrown by an orc (3 damage)
             ... on level 4 of the Dungeon.
             The game lasted 00:03:07 (1091 turns).

Amnesiac the Twirler (Deep Elf Gladiator)           Turns: 1091, Time: 00:03:08

Health: 0/21       AC:  6    Str: 12    XL:     3   Next: 58%
Magic:  5/5        EV: 12    Int: 12    God:
Gold:   28         SH:  0    Dex: 16    Spells: 2/2 levels left

rFire    . . .     SeeInvis .   a - +0 quarterstaff
rCold    . . .     Gourm    .   (shield currently unavailable)
rNeg     . . .     Faith    .   j - +0 ring mail
rPois    .         Spirit   .   c - +0 helmet
rElec    .         Reflect  .   (no cloak)
rCorr    .         Harm     .   (no gloves)
MR       .....                  (no boots)
Stlth    +.........             (no amulet)
HPRegen  0.07/turn              (no ring)
MPRegen  0.09/turn              (no ring)

@: no status effects
A: no striking features
a: no special abilities


You were on level 4 of the Dungeon.
You were hungry.

You visited 1 branch of the dungeon, and saw 4 of its levels.

You collected 28 gold pieces.

Inventory:

Hand Weapons
 a - a +0 quarterstaff (weapon)
Missiles
 d - 3 throwing nets
 e - 13 arrows
 h - 6 poisoned darts (quivered)
 i - 35 stones
Armour
 c - a +0 helmet (worn)
 j - a +0 ring mail (worn)
Comestibles
 f - 3 rations


   Skills:
 + Level 1.9 Fighting
 - Level 4.0 Staves
 - Level 2.0 Throwing
 - Level 1.2 Armour
 - Level 3.6 Dodging


You had 2 spell levels left.
You didn't know any spells.
Your spell library was empty.

Dungeon Overview and Level Annotations

Branches:
Dungeon (4/15)
 Temple: D:4-7

Altars:


Message History

You feel sick. The adder completely misses you.
Really read
k - a scroll labeled KYCLURI XICH {!r}?
As you read the scroll labeled KYCLURI XICH {!r}, it crumbles to dust.
You feel blessed for a moment.
It was a scroll of remove curse {!r}.
The adder barely misses you.
You hit the adder.
The adder is severely wounded.
* * * LOW HITPOINT WARNING * * *
You feel sick. The adder barely misses you. x2
You miss the adder.
The adder is severely wounded.
The adder bites you but does no damage.
You sock the adder!
You kill the adder!
* * * LOW HITPOINT WARNING * * *
You feel sick.
* * * LOW HITPOINT WARNING * * *
You feel sick.
Found a stone staircase leading down.
* * * LOW HITPOINT WARNING * * *
You feel sick.
* * * LOW HITPOINT WARNING * * *
You feel sick.
You are no longer poisoned.
There is a stone staircase leading down here.
There is a stone staircase leading down here.
You are feeling hungry.
There is a stone staircase leading down here.
The orc completely misses you.
The orc throws a boomerang.
The boomerang barely misses you.
The weapon returns to the orc!
There is a stone staircase leading down here.
The orc throws a boomerang.
The boomerang hits you.
* * * LOW HITPOINT WARNING * * *
The weapon returns to the orc!
The orc closely misses you.
You climb downwards.
An orc, 2 orc wizards and a skeleton come into view.
An orc wizard is wielding a +0 dagger of speed.
The orc shouts!
The orc wizard shouts!
You hear a shout!
Found a ration.
Found an escape hatch in the ceiling.
There is a stone staircase leading up here.
The orc closely misses you.
You aren't carrying any potions.
Unknown command.
The orc wizard gestures wildly while chanting.
The orc wizard seems to speed up.
The orc wizard gestures at you while chanting.
The puff of flame hits you but does no damage.
A leopard gecko skeleton comes into view.
Found a stone staircase leading up.
The leopard gecko skeleton barely misses you.
The leopard gecko skeleton misses you.
The leopard gecko skeleton bites you but does no damage.
An orc comes into view. It is wielding a +0 hand axe.
The orc shouts!
The orc throws a boomerang.
The boomerang closely misses you.
The weapon returns to the orc!
The orc moves out of view.
An ooze comes into view.
The orc throws a boomerang.
The boomerang hits you.
* * * LOW HITPOINT WARNING * * *
The weapon returns to the orc!
The orc wizard gestures wildly while chanting.
The orc wizard blinks!
The orc throws a boomerang.
The boomerang hits you.
You die...

.............
...........
.........# ...
........### ...##
.......... .....##
.........
.......##........
.......#.@.###..
.......#.........
........Z.###..##
..........####.#
....%...§Zo..#.##..
.####....#o........
##....#.....J...
#...o##..o<.....
##..............


You could see an orc wizard, 2 orcs, a leopard gecko skeleton and a hound
skeleton.

Vanquished Creatures
  2 adders (D:3)
  12 orcs (D:3)
  2 goblins (D:3)
  A jackal (D:3)
  2 bats (D:3)
  A kobold (D:2)
  A rat (D:3)
21 creatures vanquished.

Notes
Turn   | Place    | Note
-------+----------+-------------------------------------------
     0 | D:1      | Amnesiac the Deep Elf Gladiator began the quest for the
                  | Orb.
     0 | D:1      | Reached XP level 1. HP: 12/12 MP: 3/3
   204 | D:3      | Reached XP level 2. HP: 16/16 MP: 4/4
   251 | D:3      | Reached skill level 1 in Armour
   352 | D:3      | Reached XP level 3. HP: 20/20 MP: 5/5
   658 | D:3      | Reached skill level 4 in Staves
  1016 | D:3      | HP: 1/21 [poisoned by an adder]
  1091 | D:4      | Hit by a boomerang thrown by an orc

Illustrated notes

Levels and vault maps discovered:
D:1:      lightli_iron_boxes, layout_basic, minmay_misc_feat_x
D:2:      minmay_angry_zag, layout_loops_ring, vehumet_crystals, first_ration,
          kennysheep_generic_room_10, uniq_natasha
D:3:      lemuel_castle_with_subvaults [lemuel_castle_interior_carwin_3],
          layout_loops_corners, minmay_hedge_maze,
          minmay_randomly_rotated_circles
D:4:      layout_cave_pools, serial_shops, shop, uniq_duvessa, uniq_grinder

Skill      XL: |  1  2  3 |
---------------+----------+-----
Armour         | 1 |  1.2
Staves         | 4 |  4.0
Fighting       | |  1.9
Throwing       | |  2.0
Dodging        | |  3.6

Action                   || total
-------------------------++-------
Melee: Quarterstaff      ||    56
Throw: Dart              ||     4
  Use: Scroll            ||     3
 Stab: Sleeping          ||     1
Armor: Ring mail         ||    18
Dodge: Dodged            ||    48

Table legend:
 A = Non-vault XP
 B = Vault XP
 C = Vault XP percentage of total XP
 D = Non-vault monster count
 E = Vault monster count
 F = Vault count percentage of total count
                 A         B        C        D         E       F
            +---------+---------+-------+---------+---------+-------
      Total |      72 |       2 |   2.7 |      20 |       1 |   4.8
            +---------+---------+-------+---------+---------+-------
        D:2 |       1 |       0 |   0.0 |       1 |       0 |   0.0
        D:3 |      71 |       2 |   2.7 |      19 |       1 |   5.0
            +---------+---------+-------+---------+---------+-------
